 Dungeon Crawl Stone Soup version 0.30-a0-672-gc3a7216ad8 (webtiles) character file.

Game seed: 1327112775096440149

538 Sabo the Gusty (level 7, -3/45 (51) HPs)
             Began as a Green Draconian Air Elementalist on Jan 18, 2023.
             Was a Follower of Dithmenos.
             Slain by a wight
             ... wielding a +2 battleaxe
              (12 damage)
             ... on level 4 of the Dungeon.
             The game lasted 00:23:44 (4508 turns).

Sabo the Gusty (Green Draconian Air Elementalist)   Turns: 4508, Time: 00:23:45

HP:   -3/45 (51)    AC: 13    Str: 10    XL:     7   Next: 5%
MP:   3/13          EV: 12    Int: 17    God:    Dithmenos [*.....]
Gold: 158           SH:  0    Dex: 12    Spells: 13/14 levels left

rFire   . . .      SeeInvis .    c - +0 short sword (elec)
rCold   . . .      Faith    .    (no shield)
rNeg    . . .      Spirit   .    (body armour unavailable)
rPois   +          Reflect  .    (helmet restricted)
rElec   .          Harm     .    o - +2 cloak
rCorr   .          Rampage  .    (no gloves)
Will    .....                    (no boots)
Stlth   ++                       (no amulet)
HPRegen 0.27/turn                b - +4 ring of protection
MPRegen 0.13/turn                (no ring)

@: wreathed by umbra, heavily drained
A: breathe noxious fumes, AC +6, unfitting armour, poison resistance,
cold-blooded
a: Breathe Noxious Fumes, Renounce Religion


You were on level 4 of the Dungeon.
You worshipped Dithmenos.
Dithmenos was aware of your devotion.
You visited 1 branch of the dungeon, and saw 4 of its levels.

You collected 158 gold pieces.

Inventory:

Hand Weapons
 c - a +0 short sword of electrocution (weapon)
 l - a +2 dagger of venom
 m - a +0 short sword of freezing
 n - a +2 quarterstaff of chaos
Armour
 o - a +2 cloak (worn)
Jewellery
 b - a +4 ring of protection (left hand)
Scrolls
 d - 2 scrolls of amnesia
 h - a scroll of teleportation
 i - a scroll of blinking
 j - a scroll of enchant weapon
Potions
 e - 2 potions of haste {unknown}
 g - a potion of flight {unknown}
 k - 3 potions of curing
 p - a potion of heal wounds {unknown}


   Skills:
 + Level 0.8 Fighting
 + Level 1.8 Short Blades
 + Level 2.3 Dodging
 + Level 2.2 Stealth
 + Level 4.0 Spellcasting
 + Level 3.5 Conjurations
 + Level 5.0 Air Magic


You had 13 spell levels left.
You knew the following spells:

 Your Spells              Type           Power      Damage    Failure   Level
a - Shock                 Conj/Air       72%        1d7       2%          1

Your spell library contained the following spells:

 Spells                   Type           Power      Damage    Failure   Level
 Static Discharge         Conj/Air       36%        2-4/arc   4%          2
 Swiftness                Air            20%        N/A       6%          3
 Vhi's Electric Charge    Tloc/Air       22%        N/A       17%         3
 Airstrike                Air            10%        2d(2-18)  21%         4
 Arcjolt                  Conj/Air       9%         1d19      58%         5
 Lightning Bolt           Conj/Air       9%         1d21      58%         5


Dungeon Overview and Level Annotations

Branches:
Dungeon (4/15)
 Temple: D:4-7

Altars:
Dithmenos
Trog

Shops:
D:3 :


Innate Abilities, Weirdness & Mutations

You can breathe blasts of noxious fumes.
Your lurid green scales are hard. (AC +6)
You cannot fit into any form of body armour.
Your system is resistant to poisons. (rPois)
You are cold-blooded and may be slowed by cold attacks.


Message History

The zap hits the wight.
The wight is almost destroyed.
The wight barely misses you. x3; The wight closely misses you.
Casting: Shock (safe; 2% risk of failure)
Confirm with . or Enter, or press ? or * to list all spells.
Aiming: Shock (safe; 2% risk of failure)
Press: ? - help, Shift-Dir - straight line, f/p - wight
Aim: a wight, wielding a +4 great sword of freezing and wearing a +0 robe (almost destroyed, umbra, 71% to hit)
The zap hits the wight.
The wight is almost destroyed.
The zap hits the wight.
You destroy the wight!
Dithmenos accepts your kill.
You feel yourself speed up. The wight hits you but does no damage.
The wight barely misses you. The wight hits you with a +0 falchion.
You feel drained. The wight closely misses you.
The wight hits you with a +2 battleaxe!
* * * LOW HITPOINT WARNING * * *
You feel drained.
* * * LOW HITPOINT WARNING * * *
The wight hits you but does no damage.
Your Spellcasting skill increases to level 4!
Your Air Magic skill increases to level 5!
You have reached level 7!
Your scales start taking on a lurid green colour.
You learn Poison Magic much quicker.
You can breathe blasts of noxious fumes.
You feel resistant to poisons.
It was a potion of curing.
You feel better. The wight closely misses you.
The wight hits you but does no damage. The wight barely misses you.
You feel better. The wight barely misses you.
The wight hits you with a +4 falchion.
You feel drained. The wight hits you with a +0 falchion.
* * * LOW HITPOINT WARNING * * *
You feel drained.
* * * LOW HITPOINT WARNING * * *
You hit the wight but do no damage.
Your tail-slap misses the wight.
The wight is moderately damaged.
The wight hits you with a +2 battleaxe!
You die...

#.###..###..........##........
##. #....#..........###.......
##.##.....#.........##......#.
#...............##...#......#[
#.................$.....#..##.
#......................###.#..
#.......................
###.............##..#...
#.......#.†)@z# ##
.........#$.#zz...#
##......>.#...........
##.#.....#...).......
####.........)...#..
.........## # .).......##
..........


You could see 3 wights.

Vanquished Creatures
  The ghost of wormed the Changer, a novice OpTm (D:3)
  2 wights (D:4)
  Crazy Yiuf (D:2)
  An orc wizard (D:3)
  4 adders
  A shadow imp (D:4)
  An ufetubus (D:4)
  A worm (D:4)
  4 dart slugs
  7 orcs
  4 ball pythons
  5 endoplasms
  2 giant cockroaches
  6 goblins
  4 hobgoblins
  3 quokkas (D:1)
  A bat (D:2)
  2 frilled lizards
  9 kobolds
  6 rats
65 creatures vanquished.

Vanquished Creatures (others)
  A demonic plant (D:4)
1 creature vanquished.

Grand Total: 66 creatures vanquished

Notes
Turn   | Place    | Note
-------+----------+-------------------------------------------
     0 | D:1      | Sabo the Draconian Air Elementalist began the quest for the
                  | Orb.
     0 | D:1      | Reached XP level 1. HP: 14/14 MP: 3/3
   506 | D:1      | Reached XP level 2. HP: 20/20 MP: 1/5
  1282 | D:2      | Found a runed translucent door.
  1800 | D:2      | Reached XP level 3. HP: 26/26 MP: 1/6
  2335 | D:2      | Noticed Crazy Yiuf
  2342 | D:2      | Killed Crazy Yiuf
  2695 | D:3      | Found a bloodstained altar of Trog.
  2892 | D:3      | Found a shadowy altar of Dithmenos.
  2904 | D:3      | Became a worshipper of Dithmenos the Shadowed
  2961 | D:3      | Reached XP level 4. HP: 33/33 MP: 3/7
  3114 | D:3      | Reached skill level 4 in Air Magic
  4054 | D:3      | Found Giomeuq's Book Shop.
  4085 | D:3      | Found a runed translucent gate.
  4086 | D:3      | Found a runed translucent gate.
  4086 | D:3      | Found a runed translucent gate.
  4086 | D:3      | Noticed wormed's ghost (novice OpTm)
  4224 | D:3      | Killed wormed's ghost
  4225 | D:3      | Reached skill level 1 in Short Blades
  4225 | D:3      | Reached XP level 5. HP: 25/39 MP: 8/10
  4225 | D:3      | Reached XP level 6. HP: 30/46 MP: 8/11
  4489 | D:4      | Reached * piety under Dithmenos
  4506 | D:4      | Reached skill level 5 in Air Magic
  4506 | D:4      | Your scales start taking on a lurid green colour.
  4506 | D:4      | Reached XP level 7. HP: 4/49 MP: 2/13
  4506 | D:4      | Gained mutation: Your system is resistant to poisons.
                  | (rPois) [Green Draconian growth]
  4508 | D:4      | Slain by a wight

Illustrated notes

Levels and vault maps discovered:
D:1:      dpeg_arrival_tiny_a, layout_rooms
D:2:      layout_basic, uniq_crazy_yiuf_cottage
D:3:      layout_basic, mainiacjoe_overflow_two_lobes,
          ebering_ghost_rock_garden, serial_shops, nicolae_shop_stone
D:4:      layout_cave_pools, minmay_temple_entry_antechambers,
          nicolae_ossuary_entry_catacombs, serial_demonic, serial_demonic_b,
          serial_demonic_a, serial_demonic_g, serial_demonic_e,
          nicolae_shop_overcharged_wands

Skill      XL: |  1  2  3  4  5  6 |
---------------+-------------------+-----
Dodging        | 2 |  2.3
Air Magic      | 4 5 |  5.0
Conjurations   | 3 |  3.5
Short Blades   | 1 |  1.8
Stealth        | 2 |  2.2
Spellcasting   | 3 4 |  4.0
Fighting       | |  0.8

Action                   |  1- 3 |  4- 6 |  7- 9 || total
-------------------------+-------+-------+-------++-------
Melee: Short sword       |    24 |    24 |     1 ||    49
       Tailslap          |     4 |     5 |       ||     9
       Unarmed           |     2 |       |       ||     2
       Dagger            |     7 |     7 |       ||    14
 Cast: Shock             |    73 |    72 |       ||   145
  Use: Scroll            |     3 |     1 |       ||     4
       Potion            |       |     1 |     2 ||     3
Armor: Skin              |    11 |    28 |     1 ||    40
Dodge: Dodged            |    26 |    54 |     3 ||    83

Table legend: (Time is in decaauts)
 A = Elapsed time spent in this place.
 B = Non-inter-level travel time spent in this place.
 C = Inter-level travel time spent in this place.
 D = Time resting spent in this place.
 E = Time spent auto-exploring this place.
 F = Levels seen in this place.
 G = Mean time per level.
                   A        B        C        D        E       F      G
               +--------+--------+--------+--------+--------+-----+--------+
         Total |   4504 |   4504 |      0 |   1646 |      0 |   4 | 1126.0 |
       Dungeon |   4504 |   4504 |      0 |   1646 |      0 |   4 | 1126.0 |
               +--------+--------+--------+--------+--------+-----+--------+

Top non-repeatable levels by time:
     D:3: 1883 daAuts
     D:2: 1536 daAuts
     D:1: 914 daAuts
     D:4: 169 daAuts
